 Dungeon Crawl Stone Soup version 0.28.0-53-g5a82cb258f (webtiles) character file.

Game seed: 8236308365919360017

123 issech the Chopper (level 4, -2/41 HPs)
             Began as a Minotaur Monk on June 21, 2022.
             Killed by nerve-wracking pain
             ... invoked by Grinder
              (6 damage)
             ... while paralysed by Grinder
             ... on level 3 of the Dungeon.
             The game lasted 00:08:10 (2271 turns).

issech the Chopper (Minotaur Monk)                  Turns: 2271, Time: 00:08:10

Health: -2/41      AC: 10    Str: 21    XL:     4   Next: 80%
Magic:  3/3        EV:  2    Int:  7    God:
Gold:   86         SH:  0    Dex: 14    Spells: 3/3 levels left

rFire   . . .      SeeInvis .   p - +5 short sword of Quuhass {freeze, Str+5 Stlth-}
rCold   . . .      Faith    .   (no shield)
rNeg    . . .      Spirit   .   o - +0 plate armour
rPois   .          Reflect  .   (helmet restricted)
rElec   .          Harm     .   s - scarf {+Inv}
rCorr   .          Rampage  .   (no gloves)
Will    .....                   (no boots)
Stlth   ..........              (no amulet)
HPRegen 0.13/turn               (no ring)
MPRegen 0.08/turn               (no ring)

@: paralysed
A: horns 2, retaliatory headbutt
a: Evoke Invisibility


You were on level 3 of the Dungeon.
You visited 1 branch of the dungeon, and saw 3 of its levels.

You collected 86 gold pieces.

Inventory:

Hand Weapons
 a - a +0 hand axe
 m - a +1 hunting sling of freezing
 p - the +5 short sword of Quuhass (weapon) {freeze, Str+5 Stlth-}
   (You found it on level 2 of the Dungeon)

   It freezes those it strikes, dealing additional cold damage.
   It can also slow down cold-blooded creatures.
   Str:       It affects your strength (+5).
   Stlth:     It makes you less stealthy.
Missiles
 f - 82 stones (quivered)
 x - 20 sling bullets
Armour
 b - a +0 robe
 h - a +0 ring mail
 o - a +0 plate armour (worn)
 r - a +0 chain mail
 s - a scarf of invisibility (worn)
Scrolls
 c - a scroll of blinking {unknown}
 g - 2 scrolls of fear {unknown}
 j - a scroll of teleportation {unknown}
 u - 2 scrolls of enchant weapon {unknown}
 v - a scroll of fog {unknown}
 y - a scroll of identify {unknown}
Potions
 d - a potion of attraction {unknown}
 e - 3 potions of magic {unknown}
 i - a potion of curing {unknown}
 k - a potion of resistance {unknown}
 l - a potion of mutation {unknown}
 n - 3 potions of heal wounds {unknown}
 q - a potion of ambrosia {unknown}
 t - a potion of brilliance {unknown}
 w - a potion of invisibility {unknown}


   Skills:
 + Level 4.5 Fighting
 + Level 0.6 Short Blades
 + Level 4.6 Axes
 + Level 2.3 Slings
 + Level 0.8 Armour
 + Level 3.7 Dodging
 + Level 1.7 Stealth


You had 3 spell levels left.
You didn't know any spells.
Your spell library contained the following spells:

 Spells                   Type           Power      Damage    Failure   Level
 Corpse Rot               Necr/Air       0%         N/A       100%        2
 Dispel Undead            Necr           0%         3d6       100%        4
 Death Channel            Necr           0%         N/A       100%        6


Dungeon Overview and Level Annotations

Branches:
Dungeon (3/15)

Altars:

Shops:
D:2 [:

Annotations:
D:3 Grinder


Innate Abilities, Weirdness & Mutations

You have a pair of horns on your head.
You reflexively headbutt those who attack you in melee.


Message History

Grinder is lightly wounded.
Grinder gestures at you.
You suddenly lose the ability to move!
Grinder hits you.
You writhe in agony.
Grinder gestures at you.
You shrug off the repeated paralysis!
You can move again.
You barely miss Grinder. Your headbutt misses Grinder.
Grinder is lightly wounded.
Grinder barely misses you. Grinder hits you.
You puncture Grinder! You headbutt Grinder.
Grinder is moderately wounded.
Grinder hits you!
You writhe in agony.
* * * LOW HITPOINT WARNING * * *
You closely miss Grinder.
Grinder is moderately wounded.
Grinder says, "Tell me all your secrets, or I'll kill you."
Grinder hits you but does no damage.
Unknown command.
You barely miss Grinder.
Grinder is moderately wounded.
Grinder hits you but does no damage.
You hit Grinder. Your headbutt misses Grinder.
Grinder is heavily wounded.
Grinder hits you but does no damage.
You hit Grinder.
Grinder is heavily wounded.
Grinder hits you.
* * * LOW HITPOINT WARNING * * *
You puncture Grinder!
Grinder is almost dead.
Grinder gestures at you.
You suddenly lose the ability to move!
Grinder gestures at you. Pain shoots through your body!
* * * LOW HITPOINT WARNING * * *
Grinder blinks!
Grinder gestures at you. Pain shoots through your body!
You die...

###.........
#.......###
#.#
#.......#
#.#
#.......#
#.#
#......^#
#.#
#.......#
#.#
#..<)...#
#.#
#.......#
#ยง#
#########
#@# #5# #.#
#.# #.# #.#
###### #.#
.....# #.#
.....# #.#


You could see Grinder.

Vanquished Creatures
  5 adders
  A worm (D:2)
  6 dart slugs
  3 bats
  4 endoplasms
  A giant cockroach (D:1)
  5 goblins
  4 hobgoblins
  7 jackals
  4 kobolds
  3 quokkas
  10 ball pythons
  4 frilled lizards
  2 rats
59 creatures vanquished.

Vanquished Creatures (others)
  2 plants (D:1)
2 creatures vanquished.

Grand Total: 61 creatures vanquished

Notes
Turn   | Place    | Note
-------+----------+-------------------------------------------
     0 | D:1      | issech the Minotaur Monk began the quest for the Orb.
     0 | D:1      | Reached XP level 1. HP: 19/19 MP: 0/0
   330 | D:1      | Reached XP level 2. HP: 27/27 MP: 1/1
   539 | D:1      | Found a faded altar of an unknown god.
   950 | D:2      | Found Soaggemn's Book Boutique.
   958 | D:2      | Reached XP level 3. HP: 33/33 MP: 2/2
  1070 | D:2      | Identified the +5 short sword of Quuhass {freeze, Str+5
                  | Stlth-}
  1317 | D:2      | Reached skill level 1 in Slings
  1552 | D:2      | Found Nemotomm's Antique Armour Shoppe.
  1595 | D:2      | Reached XP level 4. HP: 40/40 MP: 3/3
  2254 | D:3      | Noticed Grinder
  2259 | D:3      | Paralysed by Grinder for 3 turns
  2268 | D:3      | Paralysed by Grinder for 5 turns
  2271 | D:3      | Killed from afar by Grinder

Illustrated notes

Levels and vault maps discovered:
D:1:      tarquinn_simple_flora_water_a, layout_basic, basic_ecumenical_altar,
          dk_noncrumbling_4, grunt_decor_arrowhead, serial_bayou_pond_c,
          minmay_door_square, chequers_mini_garden
D:2:      layout_loops_ring, serial_shops, nicolae_shop_overgrown_old_shop,
          nicolae_shop_hallway_stairs, minmay_3d_cube
D:3:      layout_basic, uniq_grinder

Skill      XL: |  1  2  3  4 |
---------------+-------------+-----
Axes           | 4 |  4.6
Fighting       | 4 |  4.5
Slings         | 1 2 |  2.3
Short Blades   | |  0.6
Armour         | |  0.8
Dodging        | |  3.7
Stealth        | |  1.7

Action                   |  1- 3 |  4- 6 || total
-------------------------+-------+-------++-------
Melee: Hand axe          |    20 |       ||    20
       Headbutt          |     7 |     5 ||    12
       Punch             |     1 |       ||     1
       Short sword       |    14 |    45 ||    59
 Fire: Hunting sling     |    32 |     5 ||    37
 Stab: Sleeping          |     2 |       ||     2
Armor: Robe              |     1 |       ||     1
       Ring mail         |     9 |       ||     9
       Plate armour      |    14 |    29 ||    43
Dodge: Dodged            |    35 |    11 ||    46
